 Dungeon Sprint DCSS version 0.31-a0-835-g2a3a5bc3be (webtiles) character file.

Game seed: 16988400773861486447

170 Conn the Firebug (level 5, 0/34 (46) HPs)
             Began as an Octopode Fire Elementalist on Sept 26, 2023.
             Was a Believer of Sif Muna.
             Slain by a wight
             ... wielding a +0 morningstar
              (8 damage)
             ... in the Dungeon (Sprint VII: "The Pits").
             The game lasted 00:03:21 (185 turns).

Conn the Firebug (Octopode Fire Elementalist)        Turns: 185, Time: 00:03:21

HP:   0/34 (46)     AC:  1    Str:  7    XL:     5   Next: 50%
MP:   3/12          EV: 14    Int: 20    God:    Sif Muna [**....]
Gold: 0             SH:  0    Dex: 12    Spells: 11/14 levels left

rFire   . . .        g - +2 dagger
rCold   . . .        (no shield)
rNeg    . . .        (helmet restricted)
rPois   .            (no amulet)
rElec   .            (no ring)
rCorr   .            (no ring)
SInv    .            (no ring)
Will    .....        (no ring) Stlth
                     (no ring)
HPRegen 0.25/turn    (no ring)
MPRegen 0.13/turn    (no ring)
                     (no ring)

%: no teleportation
@: berserking, very heavily drained, very quick
A: almost no armour, amphibious, 8 rings, camouflage 1, gelatinous body 1,
(nimble swimmer 1), tentacles
a: Renounce Religion, Channel Magic


You were in the Dungeon.
You worshipped Sif Muna.
Sif Muna was pleased with you.
You visited 1 branch

Inventory:

Hand Weapons
 g - a +2 dagger (weapon)
Scrolls
 f - a scroll of blinking
 i - 2 scrolls of vulnerability
 j - 5 scrolls of amnesia
 k - a scroll of summoning
Potions
 a - 5 potions of magic
 b - a potion of curing
 e - 2 potions of berserk rage
 h - a potion of invisibility


   Skills:
 + Level 0.3 Fighting
 + Level 2.0 Short Blades
 + Level 4.0 Dodging
 - Level 5.3 Stealth
 * Level 5.1 Spellcasting
 * Level 3.0 Conjurations
 + Level 6.9 Fire Magic
 * Level 3.1 Invocations


You had 11 spell levels left.
You knew the following spells:

 Your Spells              Type           Power      Damage    Failure   Level
a - Foxfire               Conj/Fire      100%       2x1d9     1%          1
b - Scorch                Fire           64%        2d7       1%          2

Your spell library contained the following spells:

 Spells                   Type           Power      Damage    Failure   Level
 Inner Flame              Hex/Fire       18%        N/A       9%          3
 Volatile Blastmotes      Fire/Tloc      36%        2d13      9%          3
 Flame Wave               Conj/Fire      25%        2d8       14%         4


Dungeon Overview and Level Annotations

Branches:
Dungeon (1/1)

Altars:
Ashenzari
Cheibriados
Dithmenos
Elyvilon
Fedhas
Gozag
Hepliaklqana
Kikubaaqudgha
Makhleb
Nemelex Xobeh
Okawaru
Qazlal
Ru
Sif Muna
Trog
Uskayaw
Vehumet
Wu Jian
Xom
Yredelemnul
Zin
The Shining One
Jiyva
Lugonu


Innate Abilities, Weirdness & Mutations

You cannot wear most types of armour.
You are amphibious.
You can wear up to eight rings at the same time.
Your skin changes colour to match your surroundings (Stealth+).
Your rubbery body absorbs attacks. (AC +1, EV +1)
((You are camouflaged when in or above water. (Stealth+)))
You have tentacles for arms and can constrict up to eight enemies at once.


Message History

Unknown command.
Okay, then.
Unknown command.
Casting: Foxfire (safe; 1% risk of failure)
Confirm with . or Enter, or press ? or * to list all spells.
Flames lash the wight.
The wight is lightly damaged.
The wight's fire resistance burns away.
Casting: Scorch (safe; 1% risk of failure)
Confirm with . or Enter, or press ? or * to list all spells.
Flames lash the wight.
The wight is burned terribly!
The wight is severely damaged.
The wight hits you with a +0 morningstar!
You feel drained.
* * * LOW HITPOINT WARNING * * *
Unknown command.
Unknown command.
You aren't carrying any items that you can evoke.
Unknown command.
You feel much better. The wight closely misses you.
A red film seems to cover your vision as you go berserk!
You feel yourself moving faster!
You feel mighty! The wight misses you.
You hit the wight. You grab the wight. You squeeze the wight.
The wight is almost destroyed.
You constrict the wight, but do no damage.
The wight hits you with a +0 mace!
You feel drained.
Unknown command.
You completely miss the wight.
The wight is almost destroyed.
You constrict the wight, but do no damage.
The wight hits you with a +0 morningstar!
You feel drained. The wight hits you with a +0 mace.
* * * LOW HITPOINT WARNING * * *
You feel drained.
* * * LOW HITPOINT WARNING * * *
You hit the wight but do no damage.
The wight is almost destroyed.
You constrict the wight, but do no damage.
The wight hits you with a +0 morningstar!
You die...

### _.# _.#
..###########++######
#'##................#
'.##......#..#......#
#.##................+
...'.........z.z@...+
####......#..#.z....#
z.##................#
#z#####'#####++######
).##.......#
..##.......#
####.......#
..##...<...#
..##.......#


You could see 3 wights.

Vanquished Creatures
  A scorpion (D)
  2 wights (D)
  An ufetubus (D)
  A bat zombie (D)
  2 goblins (D)
  2 quokkas (D)
  A rat (D)
10 creatures vanquished.

Vanquished Creatures (others)
  8 foxfires (D)
8 creatures vanquished.

Grand Total: 18 creatures vanquished

Notes
Turn   | Place    | Note
-------+----------+-------------------------------------------
     0 | D        | Conn the Octopode Fire Elementalist began the quest for the
                  | Orb.
     0 | D        | Reached XP level 1. HP: 11/11 MP: 3/3
    62 | D        | Found a glowing golden altar of the Shining One.
    62 | D        | Found a glowing silver altar of Zin.
    62 | D        | Found a basalt altar of Yredelemnul.
    62 | D        | Found a shimmering altar of Xom.
    62 | D        | Found an ornate altar of the Wu Jian Council.
    62 | D        | Found a bloodstained altar of Trog.
    62 | D        | Found a shimmering blue altar of Sif Muna.
    62 | D        | Found a sacrificial altar of Ru.
    62 | D        | Found a stormy altar of Qazlal.
    62 | D        | Found an iron altar of Okawaru.
    62 | D        | Found a sparkling altar of Nemelex Xobeh.
    62 | D        | Found a burning altar of Makhleb.
    62 | D        | Found a viscous altar of Jiyva.
    62 | D        | Found a hazy altar of Hepliaklqana.
    62 | D        | Found an opulent altar of Gozag.
    62 | D        | Found a blossoming altar of Fedhas.
    62 | D        | Found a white marble altar of Elyvilon.
    62 | D        | Found a shadowy altar of Dithmenos.
    62 | D        | Found a snail-covered altar of Cheibriados.
    63 | D        | Found a radiant altar of Vehumet.
    63 | D        | Found a corrupted altar of Lugonu.
    64 | D        | Found an ancient bone altar of Kikubaaqudgha.
    64 | D        | Found a hide-covered altar of Uskayaw.
    64 | D        | Found a broken altar of Ashenzari.
    65 | D        | Became a worshipper of Sif Muna the Loreminder
    79 | D        | Reached * piety under Sif Muna
    85 | D        | Noticed a wight
    85 | D        | Noticed a wight
    85 | D        | Noticed a scorpion
    93 | D        | Reached XP level 2. HP: 17/17 MP: 5/5
    97 | D        | Reached ** piety under Sif Muna
   101 | D        | Learned a level 2 spell: Scorch
   105 | D        | Killed a wight
   106 | D        | Reached skill level 1 in Short Blades
   106 | D        | Reached skill level 5 in Stealth
   106 | D        | Reached skill level 5 in Fire Magic
   106 | D        | Reached XP level 3. HP: 17/21 MP: 1/8
   106 | D        | Reached XP level 4. HP: 23/27 MP: 1/9
   117 | D        | Reached skill level 6 in Fire Magic
   136 | D        | Killed a scorpion
   137 | D        | Reached skill level 5 in Spellcasting
   137 | D        | Reached XP level 5. HP: 31/31 MP: 0/12
   185 | D        | Slain by a wight

Illustrated notes

Levels and vault maps discovered:
D:        pitsprint [storerooms_1, entrance_room_1, metal_vault_2, armoury_2,
          mini_pit_1, grid_room_1, main_hall_1, silver_pit, the_coven_3,
          the_vestibule_1, steel_vault_2, golden_pit, hallway_of_sentries,
          crystal_vault_3, iron_vault_1, final_vault]

Skill      XL: |  1  2  3  4 |
---------------+-------------+-----
Stealth        | 3 5 |  5.3
Dodging        | 3 4 |  4.0
Spellcasting   | 3 5 |  5.1
Short Blades   | 1 2 |  2.0
Fire Magic     | 5 6 |  6.9
Conjurations   | 3 |  3.0
Invocations    | 3 |  3.1
Fighting       | |  0.3

Action                     |  1- 3 |  4- 6 || total
---------------------------+-------+-------++-------
  Melee: Dagger            |     8 |    14 ||    22
         Constrict         |     3 |     5 ||     8
         Tentacles         |     2 |     3 ||     5
   Cast: Foxfire           |     3 |     3 ||     6
         Scorch            |     1 |     2 ||     3
    Use: Potion            |     2 |     2 ||     4
   Stab: Sleeping          |     2 |       ||     2
         Invisible         |       |     1 ||     1
 Armour: Skin              |     3 |     6 ||     9
  Dodge: Dodged            |     7 |     7 ||    14

Table legend: (Time is in decaauts)
 A = Elapsed time spent in this place.
 B = Non-inter-level travel time spent in this place.
 C = Inter-level travel time spent in this place.
 D = Time resting spent in this place.
 E = Time spent auto-exploring this place.
 F = Levels seen in this place.
 G = Mean time per level.
                   A        B        C        D        E       F      G
               +--------+--------+--------+--------+--------+-----+--------+
         Total |    167 |    167 |      0 |     19 |      0 |   1 |  167.0 |
       Dungeon |    167 |    167 |      0 |     19 |      0 |   1 |  167.0 |
               +--------+--------+--------+--------+--------+-----+--------+

Top non-repeatable levels by time:
       D: 167 daAuts
